AoeStats
← The Slayer

Black Forest

509265893Analyzed
4v4 RM · 5d ago on Sep 26, 2026· 113m 2s· 8 players
Game mode
Random Map
Map size
Large (8 player)
Population
200
Speed
Normal
Resources
Standard
Victory
Conquest
Starting age
Dark Age
Ending age
Imperial Age
RankedLock teamsTeams togetherTeam positionsShared explorationLock speedFull tech treeHidden civsTurbo modeCheats
Victory
Defeat
🇦🇷 Mapuche · Argentina
941
+15
🇦🇷 Poles · Argentina
915
+16
🇦🇷 Saracens · Argentina
893
+17
🇦🇷 Vikings · Argentina
864
+18
🇺🇸 Inca · United States
1075
-22
🇨🇴 Celts · Colombia
944
-17
🇺🇸 Bohemians · United States
895
-16
🇺🇸 Franks · United States
776
-11
[LaCD] Chisor
0:32 Loom
13:10 Feudal Age
15:29 Double-Bit Axe
17:53 Castle Age
17:16 Horse Collar
19:52 Bow Saw
19:49 Heavy Plow
24:18 Wheelbarrow
28:23 Hand Cart
32:13 Imperial Age
31:08 Town Watch
31:25 Scale Mail Armor
31:35 Forging
31:35 Gold Mining
31:36 Stone Mining
34:00 Crop Rotation
34:10 Gold Shaft Mining
33:31 Champi Runner
33:59 Arson
34:51 Iron Casting
34:31 Chain Mail Armor
34:31 Champi Warrior
34:55 Capped Ram
36:50 Blast Furnace
35:54 Town Patrol
35:51 Elite Champi Warrior
38:27 Conscription
38:12 Malon
40:15 Hoardings
41:29 Elite Kona
44:37 Plate Mail Armor
43:59 Elite Skirmisher
49:57 Butalmapu
50:07 Butalmapu
50:20 Pikeman
50:57 Halberdier
75:08 Stone Shaft Mining
QZ7
11:45 Feudal Age
18:05 Castle Age
16:24 Double-Bit Axe
18:08 Horse Collar
19:51 Heavy Plow
20:41 Bow Saw
24:39 Wheelbarrow
27:25 Hand Cart
29:32 Gold Mining
31:01 Szlachta Privileges
33:33 Imperial Age
33:34 Husbandry
35:19 Chemistry
34:21 Cavalier
37:20 Crop Rotation
37:38 Forging
37:33 Scale Barding Armor
41:17 Lechitic Legacy
42:36 Iron Casting
42:22 Chain Barding Armor
42:50 Light Cavalry
43:41 Bloodlines
44:35 Blast Furnace
43:03 Onager
45:02 Elite Obuch
48:02 Scale Mail Armor
50:50 Winged Hussar
57:52 Elite Skirmisher
63:01 Heavy Mounted Crossbowman
65:23 Fletching
65:33 Padded Archer Armor
76:55 Bodkin Arrow
77:15 Leather Archer Armor
79:26 Bracer
86:58 Ballistics
94:08 Man-at-Arms
95:19 Chain Mail Armor
99:16 Plate Mail Armor
100:44 Long Swordsman
104:13 Two-Handed Swordsman
oski
14:00 Feudal Age
17:33 Castle Age
24:27 Double-Bit Axe
26:04 Horse Collar
29:57 Heavy Plow
30:54 Gold Mining
30:54 Stone Mining
31:26 Bow Saw
31:29 Scale Mail Armor
32:11 Forging
33:08 Chain Mail Armor
32:47 Stone Mining
33:55 Gold Shaft Mining
34:04 Iron Casting
37:55 Squires
37:43 Pikeman
39:39 Fortified Wall
39:51 Ballistics
42:21 Imperial Age
40:10 Chieftains
43:48 Conscription
42:49 Elite Berserk
48:57 Hoardings
50:14 Onager
53:52 Plate Mail Armor
54:23 Blast Furnace
53:31 Scale Barding Armor
92:19 Cavalier
92:26 Light Cavalry
93:36 Chain Barding Armor
Bregman
0:35 Loom
12:53 Feudal Age
13:24 Double-Bit Axe
18:37 Wheelbarrow
23:02 Castle Age
21:39 Gold Mining
21:49 Fletching
22:01 Padded Archer Armor
25:23 Bow Saw
26:17 Gold Shaft Mining
25:54 Bow Saw
25:29 Horse Collar
25:16 Crossbowman
25:19 Elite Skirmisher
26:38 Stone Mining
28:30 Leather Archer Armor
29:13 Thumb Ring
30:16 Hand Cart
30:57 Ballistics
31:18 Bodkin Arrow
35:59 Imperial Age
35:57 Masonry
35:39 Town Watch
37:06 Arbalester
38:51 Chemistry
38:20 Block Printing
39:01 Elite Mameluke
44:51 Husbandry
45:02 Bloodlines
46:25 Bracer
46:56 Ring Archer Armor
46:34 Scale Barding Armor
46:40 Forging
46:59 Conscription
52:28 Chain Barding Armor
63:12 Light Cavalry
64:07 Caravan
69:27 Hussar
79:07 Heavy Plow
85:36 Bimaristan
85:37 Counterweights
110:55 Fervor
112:33 Block Printing
I Never Resign
1:01 Loom
12:56 Feudal Age
19:46 Horse Collar
19:52 Double-Bit Axe
23:01 Castle Age
24:59 Heavy Plow
25:09 Bow Saw
30:16 Gold Mining
30:17 Stone Mining
31:23 Wheelbarrow
34:08 Imperial Age
31:24 Town Watch
34:07 Hand Cart
34:23 Forging
34:13 Scale Mail Armor
35:15 Gold Shaft Mining
35:16 Stone Shaft Mining
35:04 Caravan
34:35 Onager
36:45 Iron Casting
36:25 Chain Mail Armor
36:46 Crop Rotation
37:17 Town Patrol
38:06 Fletching
38:17 Padded Archer Armor
39:21 Blast Furnace
38:12 Fletching
38:22 Padded Archer Armor
38:24 Elite Kamayuk
39:29 Conscription
40:51 Plate Mail Armor
41:34 Bodkin Arrow
42:01 Ballistics
42:44 Chemistry
42:32 Andean Sling
46:38 Bracer
46:37 Murder Holes
46:53 Fortified Wall
46:56 Masonry
46:52 Siege Engineers
47:30 Hoardings
48:13 Squires
48:00 Arson
54:40 Capped Ram
59:52 Pikeman
60:54 Halberdier
79:45 Champi Runner
87:07 Champi Warrior
The Slayer
7:02 Loom
13:00 Feudal Age
13:31 Double-Bit Axe
13:42 Gold Mining
17:10 Wheelbarrow
23:46 Castle Age
22:36 Stone Mining
23:05 Scale Barding Armor
23:12 Forging
26:27 Bow Saw
27:20 Gold Shaft Mining
27:26 Husbandry
27:34 Squires
27:56 Hand Cart
30:49 Iron Casting
30:34 Chain Barding Armor
35:17 Caravan
38:23 Imperial Age
35:50 Fletching
36:01 Padded Archer Armor
36:01 Scale Mail Armor
37:57 Coinage
39:22 Fortified Wall
39:07 Murder Holes
39:23 Masonry
38:54 Treadmill Crane
39:50 Banking
40:16 Plate Barding Armor
40:42 Blast Furnace
39:27 Cavalier
40:37 Bodkin Arrow
40:58 Leather Archer Armor
40:58 Chain Mail Armor
42:33 Chivalry
43:29 Hoardings
42:16 Elite Throwing Axeman
42:37 Paladin
42:42 Ordonnance Companies
43:44 Conscription
44:22 Arrowslits
45:38 Chemistry
44:29 Guard Tower
44:44 Siege Engineers
45:10 Architecture
45:01 Ballistics
45:07 Arson
46:22 Plate Mail Armor
53:58 Pikeman
57:49 Halberdier
tjchandleriii
8:15 Loom
12:26 Feudal Age
17:17 Wheelbarrow
19:53 Castle Age
19:22 Double-Bit Axe
19:22 Horse Collar
27:49 Town Watch
29:08 Heavy Plow
31:04 Bow Saw
36:26 Coinage
36:00 Caravan
38:51 Imperial Age
36:30 Padded Archer Armor
38:16 Hand Cart
38:04 Town Patrol
38:01 Fletching
38:32 Leather Archer Armor
41:53 Conscription
40:55 Elite Hussite Wagon
42:44 Hussite Reforms
42:49 Wagenburg Tactics
42:58 Wagenburg Tactics
48:21 Chemistry
47:42 Ballistics
47:33 Masonry
57:15 Husbandry
56:35 Cavalier
58:40 Light Cavalry
60:34 Forging
60:30 Scale Barding Armor
JAKOW45
2:59 Loom
10:54 Feudal Age
17:34 Castle Age
19:03 Double-Bit Axe
24:44 Wheelbarrow
23:55 Town Watch
25:19 Gold Mining
25:47 Horse Collar
26:58 Bow Saw
27:42 Heavy Plow
28:00 Forging
29:11 Hand Cart
29:11 Stronghold
30:05 Gold Shaft Mining
29:24 Stone Mining
30:32 Town Patrol
31:36 Caravan
32:08 Coinage
36:24 Imperial Age
36:29 Iron Casting
35:55 Scale Mail Armor
36:32 Ballistics
36:34 Elite Woad Raider
36:42 Capped Ram
36:44 Onager
37:43 Furor Celtica
37:32 Siege Ram
40:22 Chemistry
39:46 Chain Mail Armor
45:31 Blast Furnace
45:02 Plate Mail Armor
45:07 Banking
44:48 Guilds
46:14 Arrowslits
61:07 Conscription
Connection lost

Rejoining the realm…

Still unreachable

The connection could not be restored.

Session expired

The server has moved on; the page needs a fresh start.